 Dungeon Crawl Stone Soup version 0.27.0-1-g7a089689b8 (webtiles) character file.

Game seed: 13850847958095212229

375451 Kinoniko the Slayer (level 21, 0/220 HPs)
             Began as a Minotaur Berserker on Aug 3, 2021.
             Was the Champion of Trog.
             Slain by a vault warden (1 damage)
             ... on level 5 of the Vaults.
             The game lasted 00:56:34 (35237 turns).

Kinoniko the Slayer (Minotaur Berserker)           Turns: 35237, Time: 00:56:35

Health: 0/220      AC: 36    Str: 28    XL:     21   Next: 78%
Magic:  20/20      EV: 16    Int:  6    God:    Trog [******]
Gold:   1387       SH:  0    Dex: 23    Spells: 20/20 levels left

rFire    + . .     SeeInvis .   Y - +9 executioner's axe of Perversion {speed, rN+ Will+}
rCold    . . .     Faith    .   (shield currently unavailable)
rNeg     + . .     Spirit   .   a - +1 crystal plate armour "Tichyoth" {Slay+5}
rPois    +         Reflect  .   b - +2 hat
rElec    +         Harm     .   B - +2 cloak {rPois}
rCorr    .         Rampage  +   K - +2 pair of gloves {Str+3}
Will     +++++                  l - +2 pair of boots {rampage}
Stlth    ..........             s - amulet "Enkou" {rPois Regen+ Dex+8}
HPRegen  2.46/turn              W - ring "Kotsih" {rElec rF+ Will+ Slay+4}
MPRegen  0.17/turn              Q - ring of willpower

@: about to teleport, strong-willed, corroded, on berserk cooldown,
regenerating, slowed, very slow
A: horns 2, retaliatory headbutt
}: 2/15 runes: decaying, gossamer
a: Renounce Religion, Berserk, Trog's Hand, Brothers in Arms


You were on level 5 of the Vaults.
You worshipped Trog.
Trog was exalted by your worship.
You visited 6 branches of the dungeon, and saw 36 of its levels.
You also visited: Trove, Sewer and Gauntlet.

You collected 3821 gold pieces.
You spent 2434 gold pieces at shops.

Inventory:

Hand Weapons
 o - the +12 lance "Wyrmbane" {slay drac, rPois rF+ rC+ AC+3}
   (You found it on level 14 of the Dungeon)

   It inflicts extra damage against dragons and draconians.
   AC:        It affects your AC (+3).
   rF:        It protects you from fire.
   rC:        It protects you from cold.
   rPois:     It protects you from poison.
 D - the +4 broad axe of Embarrassment {vamp, rN+}
   (You found it on level 6 of the Lair of Beasts)

   It occasionally heals its wielder for a portion of the damage dealt when it
   wounds a living foe.
   rN:        It protects you from negative energy.
 Y - the +9 executioner's axe of Perversion (weapon) {speed, rN+ Will+}
   (You found it on level 10 of the Dungeon)

   Attacks with this weapon are significantly faster.
   rN:        It protects you from negative energy.
   Will:      It increases your willpower.
Missiles
 V - a throwing net (quivered)
Armour
 a - the +1 crystal plate armour "Tichyoth" (worn) {Slay+5}
   (You found it in a treasure trove)

   Slay:      It affects your accuracy & damage with ranged weapons and melee
   (+5).
 b - a +2 hat (worn)
 j - a +2 kite shield of reflection
 l - a +2 pair of boots of rampaging (worn)
 B - a +2 cloak of poison resistance (worn)
 K - a +2 pair of gloves of strength (worn)
Jewellery
 h - a ring of flight
 m - a ring of see invisible
 r - a +6 ring of strength
 s - the amulet "Enkou" (around neck) {rPois Regen+ Dex+8}
   (You found it in a treasure trove)

   [amulet of regeneration]

   Dex:       It affects your dexterity (+8).
   rPois:     It protects you from poison.
   Regen:     It increases your rate of health regeneration.
 y - a ring of poison resistance
 G - a +6 ring of dexterity
 M - the ring "Dyng" {Wiz rPois MP+9}
   (You found it in a Gauntlet)

   [ring of wizardry]

   It improves your spell success rate.
   rPois:     It protects you from poison.
   MP:        It affects your magic capacity (+9).
 N - an amulet of regeneration
 Q - a ring of willpower (right hand)
 R - a ring of willpower
 W - the ring "Kotsih" (left hand) {rElec rF+ Will+ Slay+4}
   (You took it off a minotaur in a Gauntlet)

   [ring of willpower]

   Slay:      It affects your accuracy & damage with ranged weapons and melee
   (+4).
   rF:        It protects you from fire.
   rElec:     It insulates you from electricity.
   Will:      It increases your willpower.
Wands
 f - a wand of iceblast (34)
 n - a wand of acid (43)
 t - a wand of digging (15)
 C - a wand of paralysis (30)
 E - a wand of flame (62)
 L - a wand of charming (33)
 S - a wand of mindburst (20)
Scrolls
 i - a scroll of brand weapon
 v - 2 scrolls of magic mapping
 z - 14 scrolls of identify
 F - 9 scrolls of blinking
 H - 7 scrolls of fog
 I - 3 scrolls of holy word
 O - 25 scrolls of teleportation
 P - a scroll of silence
 Z - 3 scrolls of enchant weapon
Potions
 c - 12 potions of heal wounds
 e - 9 potions of invisibility
 g - 14 potions of might
 k - 4 potions of cancellation
 p - 5 potions of flight
 q - 19 potions of curing
 u - 8 potions of haste
 w - 4 potions of magic
 x - 5 potions of mutation
 A - 10 potions of lignification
 T - 5 potions of ambrosia
 U - 5 potions of resistance
 X - 2 potions of berserk rage
Miscellaneous
 d - a box of beasts


   Skills:
 * Level 25.8 Fighting
 - Level 22.6(22.7) Axes
 - Level 4.7(16.1) Polearms
 + Level 18.2 Armour
 + Level 16.4 Dodging
 - Level 8.4 Shields
 - Level 4.0 Evocations


You had 20 spell levels left.
You didn't know any spells.
Your spell library was empty.

Dungeon Overview and Level Annotations

Branches:
Dungeon (15/15)            Temple (0/1) D:7            Lair (6/6) D:11
  Swamp (4/4) Lair:4       Spider (4/4) Lair:4        Slime (0/5) Lair:6
    Orc (2/2) D:9             Elf (0/3) Orc:2        Vaults (5/5) D:14
  Crypt (0/3) Vaults:3     Depths (0/5) D:15          Sewer (visited)
Gauntlet (visited)

Altars:
Ashenzari
Cheibriados
Dithmenos
Gozag
Hepliaklqana
Nemelex Xobeh
Okawaru
Trog
Uskayaw
Xom
Yredelemnul
The Shining One
Beogh

Shops:
D:8 [?=(   D:12 ?   Orc:2 [((?   Vaults:3 ?(!=   Vaults:4 (


Innate Abilities, Weirdness & Mutations

You have a pair of horns on your head.
You reflexively headbutt those who attack you in melee.


Message History

Trog appreciates your killing of a magic user.
You slice the vault guard like a ripe choko!!!
You slash the frost giant! You hit the yaktaur captain.
You cut the vault guard into ribbons!!!
You kill the vault guard!
Trog accepts your kill.
You slash the yaktaur captain! You barely miss the yaktaur captain.
You hit the frost giant but do no damage.
Unknown command.
You slash the frost giant! You headbutt the frost giant.
The frost giant is moderately wounded.
You slice something!! You slice the yaktaur captain!! x2
You are no longer berserk.
You are exhausted.
You feel yourself slow down.
The yaktaur captain hits you but does no damage.
You hear some strange, mumbled words.
A bolt of acid appears from out of thin air!
The bolt of acid hits you but does no damage.
You are splashed with acid!
The frost giant hits you with a +1 battleaxe of freezing!!
* * * LOW HITPOINT WARNING * * *
The frost giant freezes you.
* * * LOW HITPOINT WARNING * * *
Unknown command.
Unknown command.
As you read the scroll of teleportation, it crumbles to dust.
You feel strangely unstable.
You hear some strange, mumbled words.
A bolt of acid appears from out of thin air!
The bolt of acid misses you. The yaktaur captain hits you!
* * * LOW HITPOINT WARNING * * *
The purple very ugly thing pecks you but does no damage.
The frost giant casts a spell at you. The bolt of cold hits you!!
* * * LOW HITPOINT WARNING * * *
The vault warden hits you from afar with a +3 halberd of flaming!
* * * LOW HITPOINT WARNING * * *
The vault warden burns you.
You die...

*,,,*,,*,,,#...#....#*,...,,,,,,,
*,,,*,,*,,,#...#....#*....,,,,,,,
*****,,***##...#....#.....,,,,,,,
,,,,,,,,,,.....#....#.....,,,,,,,
,,,,,,,,,,..........[....#***,,,,
*********#####...[[[..####*******
,,,,,,,,,........<<[......,,,,,,,
,,,,,,,,,......c<)[<......,,,,,,,
,,,,,,,,,......u@cD.......,,,,,,,
,,,,,,,,,......C{)).......,,,,,,,
*********#####..pc....####*******
,,,,,,,,,,................,,,,**
*,*,*,,*,*.#...#....#.....,,,,,**
,,,,,,,,,,.....#....#..###**,,,,*
,*,*,,,,,#.#...#....#,.#**,,*,,,,
,,,,,,,,,......#....#,,#*,,,,*,,,
,,*,,,,,,,.#.,,#....#,,*,,,,,,*,,


You could see a golden dragon, a frost giant, a purple very ugly thing, a vault
warden, 2 yaktaur captains and a yaktaur.

Vanquished Creatures
  An ancient lich (Vaults:4)
  Sojobo (Vaults:2)
  Boris (twice) (Vaults:2 Vaults:4)
  Margery (Vaults:3)
  Jory (Vaults:4)
  A tentacled monstrosity (Vaults:5)
  Asterion (Vaults:2)
  A quicksilver dragon (Vaults:5)
  5 sphinxes
  Gastronok (Orc:1)
  The ghost of Adoajy the Bludgeoner, an adept DsWr of Ru (Vaults:4)
  2 shadow dragons (Vaults:5)
  A storm dragon (Vaults:5)
  Donald (Swamp:4)
  3 tengu reavers
  2 fenstrider witches
  A revenant (Vaults:3)
  A frost giant (Vaults:5)
  An iron dragon (Vaults:5)
  13 vault wardens
  A ghost moth (Spider:4)
  Aizul (Vaults:3)
  2 deep elf sorcerers (Vaults:5)
  6 orc warlords
  8 emperor scorpions
  12 ironbound preservers
  5 very ugly things (Vaults:4)
  A stone giant (Vaults:5)
  A vampire knight (Vaults:3)
  A deep elf demonologist (Vaults:5)
  Nessos (D:14)
  A minotaur (Gauntlet)
  3 bunyips
  6 entropy weavers
  5 spark wasps
  3 dire elephants
  4 eleionomae
  3 ettins
  Snorg (Orc:1)
  2 crystal guardians (Vaults:3)
  Josephine (Spider:1)
  A great orb of eyes (Vaults:2)
  A shambling mangrove (Swamp:4)
  8 yaktaur captains
  35 vault guards
  11 ironbound thunderhulks
  7 boulder beetles
  Fannar (Orc:1)
  20 hydras
  Erolcha (Orc:1)
  3 ghost crabs
  2 catoblepae (Lair:6)
  A peacekeeper (Vaults:3)
  2 death knights
  3 two-headed ogres
  2 orc high priests (Orc:2)
  21 centaur warriors
  5 alligators
  16 death yaks
  8 death scarabs (Spider:4)
  A deep troll shaman (Lair:6)
  A spriggan berserker (Swamp:3)
  3 ironbound beastmasters
  6 spriggans
  3 hell knights (Vaults:3)
  3 skeletal warriors (D:10)
  A sixfirhy (Gauntlet)
  A death drake (Swamp:3)
  2 glowing orange brains
  2 goliath frogs
  A goliath frog (shapeshifter) (Vaults:5)
  8 swamp dragons
  5 spriggan druids
  37 deep trolls
  3 bog bodies
  3 spectral wolf spiders (Spider:4)
  A necromancer (Vaults:3)
  2 phantasmal warriors
  14 ironbound convokers
  6 lindwurms
  A wolf spider (shapeshifter) (Vaults:5)
  A deep elf pyromancer (D:12)
  25 ugly things
  6 wizards
  25 wolf spiders
  12 orc knights
  10 orb spiders
  2 orc sorcerers (Orc:1)
  2 wolf spider zombies (Spider:4)
  A manticore (D:14)
  3 elephants (Lair:6)
  A cyclops (D:15)
  8 moths of wrath
  6 will-o-the-wisps
  A manticore (shapeshifter) (Vaults:5)
  5 centaur zombies
  15 vault sentinels
  A guardian serpent (shapeshifter) (D:14)
  A naga mage (D:15)
  4 black mambas
  A torpor snail (Spider:4)
  15 cane toads
  A gargoyle (D:13)
  33 yaktaurs
  9 demonic crawlers
  2 spectral redbacks (Spider:4)
  5 unseen horrors
  5 rime drakes
  16 komodo dragons
  2 freezing wraiths (D:14)
  5 kobold demonologists
  An efreet (D:15)
  A redback zombie (Spider:4)
  A tengu conjurer (D:15)
  30 jumping spiders
  2 polar bears (Lair:6)
  9 trolls
  3 meliai (D:15)
  5 spectral jumping spiders (Spider:4)
  3 large abominations (Gauntlet)
  6 tyrant leeches
  4 jumping spider zombies (Spider:4)
  6 dream sheep (Lair:6)
  2 tarantella zombies (Spider:4)
  27 hornets
  Grinder (D:6)
  17 slime creatures
  3 blink frogs (Lair:6)
  5 spectral tarantellas (Spider:4)
  78 redbacks
  Sigmund (D:3)
  6 wraiths
  42 tarantellas
  2 shadows (D:9)
  A vampire (D:12)
  22 yaks
  3 wyverns
  2 steam dragons (D:8)
  9 humans (D:14)
  32 vampire mosquitoes
  7 basilisks
  4 wargs
  18 swamp worms
  An acid dragon (D:12)
  17 water moccasins
  A water moccasin (shapeshifter) (D:15)
  Duvessa (D:6)
  A spectral hornet (Spider:4)
  47 orc warriors
  9 swamp drakes
  3 sky beasts
  6 black bears
  2 ice beasts
  9 wolves
  11 centaurs
  3 boggarts (Vaults:1)
  10 ogres
  3 phantoms
  Blork the orc (D:6)
  5 kobold brigands
  14 bullfrogs
  Dowan (D:6)
  7 wights
  A killer bee (D:8)
  2 electric eels (Lair:6)
  2 howler monkeys
  4 hounds
  Crazy Yiuf (D:5)
  A bullfrog skeleton (D:6)
  3 jellies
  23 orc priests
  A centaur skeleton (D:6)
  Ijyb (D:4)
  2 hell rats (Lair:2)
  4 iguanas
  30 orc wizards
  A killer bee zombie (D:8)
  3 small abominations (Gauntlet)
  6 ogre zombies (D:9)
  3 gnolls (Orc:2)
  A howler monkey zombie (D:9)
  5 adders
  10 river rats (Lair:2)
  2 shadow imps
  A white imp (Gauntlet)
  6 ufetubi
  2 dart slugs
  101 orcs
  6 endoplasms
  8 giant cockroaches
  5 goblins
  3 hobgoblins
  14 jackals
  9 ball pythons
  11 bats
  5 frilled lizards
  3 goblin skeletons (D:9)
  2 goblin zombies (D:9)
  A hobgoblin skeleton (D:9)
  2 hobgoblin zombies (D:9)
  30 kobolds
  2 orc skeletons (D:9)
  8 orc zombies (D:9)
  14 rats
1428 creatures vanquished.

Vanquished Creatures (collateral kills)
  Nikola (Spider:3)
  A redback (Spider:3)
2 creatures vanquished.

Vanquished Creatures (others)
  A demonic crawler (Spider:2)
  3 bloated husks
  A hornet (Swamp:4)
  An orc priest (Vaults:5)
  16 foxfires
  17 fungi
  20 plants
59 creatures vanquished.

Grand Total: 1489 creatures vanquished

Notes
Turn   | Place    | Note
-------+----------+-------------------------------------------
     0 | D:1      | Kinoniko the Minotaur Berserker began the quest for the
                  | Orb.
     0 | D:1      | Reached XP level 1. HP: 19/19 MP: 0/0
   192 | D:1      | Reached XP level 2. HP: 21/26 MP: 1/1
   620 | D:1      | Found a faded altar of an unknown god.
   657 | D:1      | Reached skill level 5 in Axes
   894 | D:2      | Reached XP level 3. HP: 31/31 MP: 2/2
   971 | D:2      | Reached ** piety under Trog
  1057 | D:2      | Found a basalt altar of Yredelemnul.
  1609 | D:3      | Found a hazy altar of Hepliaklqana.
  1616 | D:3      | Found an opulent altar of Gozag.
  1632 | D:3      | Reached XP level 4. HP: 39/39 MP: 3/3
  1740 | D:3      | Noticed Sigmund
  1746 | D:3      | Killed Sigmund
  1747 | D:3      | Reached XP level 5. HP: 37/45 MP: 4/4
  1883 | D:3      | Found an iron altar of Okawaru.
  2024 | D:3      | Reached XP level 6. HP: 49/51 MP: 5/5
  2060 | D:3      | Noticed an ice beast
  2070 | D:3      | Killed an ice beast
  2431 | D:4      | Found a glowing drain.
  2464 | Sewer    | Entered a sewer
  2779 | Sewer    | Reached *** piety under Trog
  2780 | Sewer    | Reached skill level 1 in Shields
  3287 | D:4      | Noticed Ijyb
  3298 | D:4      | Killed Ijyb
  3570 | D:4      | Reached XP level 7. HP: 54/57 MP: 6/6
  3863 | D:4      | Found a hide-covered altar of Uskayaw.
  4048 | D:5      | Entered Level 5 of the Dungeon
  4137 | D:5      | Reached skill level 10 in Axes
  4137 | D:5      | Reached XP level 8. HP: 63/64 MP: 7/7
  4372 | D:5      | Reached skill level 5 in Shields
  4680 | D:5      | Found a broken altar of Ashenzari.
  5235 | D:5      | Found a runed translucent door.
  5236 | D:5      | Noticed Crazy Yiuf
  5241 | D:5      | Killed Crazy Yiuf
  5420 | D:6      | Found a glowing golden altar of the Shining One.
  5468 | D:6      | Found a bloodstained altar of Trog.
  5496 | D:6      | Noticed Duvessa
  5498 | D:6      | Noticed Dowan
  5500 | D:6      | Killed Duvessa
  5509 | D:6      | Killed Dowan
  5562 | D:6      | Noticed Grinder
  5571 | D:6      | Killed Grinder
  5572 | D:6      | Reached XP level 9. HP: 70/70 MP: 8/8
  5661 | D:6      | You fall into a shaft and drop 3 floors!
  5684 | D:8      | Reached **** piety under Trog
  5790 | D:8      | Found Mushuqur's Magic Scroll Boutique.
  6014 | D:6      | Noticed Blork the orc
  6024 | D:6      | Killed Blork the orc
  6384 | D:6      | Noticed a troll
  6392 | D:6      | Killed a troll
  6393 | D:6      | Reached skill level 4 in Fighting
  6705 | D:7      | Found a staircase to the Ecumenical Temple.
  6950 | D:7      | Reached skill level 5 in Fighting
  7111 | D:7      | Reached XP level 10. HP: 81/81 MP: 9/9
  7297 | D:7      | Noticed a two-headed ogre
  7315 | D:7      | Killed a two-headed ogre
  7316 | D:7      | Reached skill level 6 in Fighting
  7706 | D:8      | Noticed a green ugly thing
  7715 | D:8      | Killed a green ugly thing
  7715 | D:8      | Reached ***** piety under Trog
  7823 | D:8      | Found Affam's Armour Boutique.
  7874 | D:8      | Found Byseoch's Jewellery Emporium.
  7938 | D:8      | Found Najistoh's Weapon Emporium.
  8042 | D:8      | Reached skill level 15 in Axes
  8121 | D:8      | Reached skill level 7 in Fighting
  8144 | D:8      | Found Zegesy's Magic Scroll Emporium.
  8155 | D:8      | Found a basalt altar of Yredelemnul.
  8184 | D:8      | Found a shadowy altar of Dithmenos.
  8855 | D:9      | Found a staircase to the Orcish Mines.
  8860 | D:9      | Identified the +5 demon trident of Upheaval {flame, Dex+4}
                  | (Trog gifted it to you on level 9 of the Dungeon)
  8860 | D:9      | Received a gift from Trog
  8898 | D:9      | Reached skill level 1 in Polearms
  8930 | D:9      | Reached skill level 8 in Fighting
  9133 | D:9      | Found a snail-covered altar of Cheibriados.
  9133 | D:9      | Found a sparkling altar of Nemelex Xobeh.
  9268 | D:10     | Entered Level 10 of the Dungeon
  9278 | D:10     | Identified the +9 executioner's axe of Perversion {speed,
                  | rN+ Will+}
  9291 | D:10     | Reached XP level 11. HP: 95/95 MP: 10/10
  9400 | D:10     | Noticed a two-headed ogre
  9404 | D:10     | Killed a two-headed ogre
  9405 | D:10     | Reached skill level 9 in Fighting
  9594 | D:10     | Noticed a skeletal warrior
  9600 | D:10     | Noticed a skeletal warrior
  9601 | D:10     | Killed a skeletal warrior
  9602 | D:10     | Noticed a skeletal warrior
  9609 | D:10     | Killed a skeletal warrior
  9609 | D:10     | Killed a skeletal warrior
  9610 | D:10     | Reached skill level 10 in Fighting
  9761 | D:11     | Noticed a two-headed ogre
  9768 | D:11     | Killed a two-headed ogre
  9775 | D:11     | Found a staircase to the Lair.
  9780 | D:11     | Found a snail-covered altar of Cheibriados.
 10153 | D:11     | Reached XP level 12. HP: 100/107 MP: 11/11
 10648 | D:12     | Found a shimmering altar of Xom.
 10731 | D:12     | Found a gate leading to a gauntlet.
 10738 | Gauntlet | Entered a Gauntlet
 10738 | Gauntlet | Found a transporter.
 10738 | Gauntlet | Found a transporter.
 10738 | Gauntlet | Found a transporter.
 10739 | Gauntlet | Found a transporter.
 10741 | Gauntlet | Found a transporter.
 10743 | Gauntlet | Found a transporter.
 10747 | Gauntlet | Found a runed translucent door.
 10749 | Gauntlet | Found a runed translucent door.
 10749 | Gauntlet | Found a transporter.
 10751 | Gauntlet | Found a transporter.
 10752 | Gauntlet | Found a transporter.
 10754 | Gauntlet | Found a transporter.
 10762 | Gauntlet | Found a transporter.
 10762 | Gauntlet | Found a transporter.
 10984 | Gauntlet | Received a gift from Trog
 11030 | Gauntlet | Identified the ring "Dyng" {Wiz rPois MP+9}
 11058 | Gauntlet | Identified the ring "Kotsih" {rElec rF+ Will+ Slay+4}
 11058 | Gauntlet | Noticed a minotaur
 11063 | Gauntlet | Killed a minotaur
 11137 | D:12     | Noticed a seven-headed hydra
 11144 | D:12     | Killed a nine-headed hydra
 11550 | D:12     | Found Hamiug's Magic Scroll Emporium.
 11553 | D:12     | Bought 3 scrolls of blinking for 315 gold pieces
 11553 | D:12     | Bought a scroll of teleportation for 42 gold pieces
 11553 | D:12     | Bought a scroll of teleportation for 42 gold pieces
 11963 | Lair:1   | Entered Level 1 of the Lair of Beasts
 11966 | Lair:1   | Noticed a four-headed hydra
 11973 | Lair:1   | Killed an eight-headed hydra
 12752 | Lair:2   | Reached skill level 11 in Fighting
 13411 | Lair:3   | Reached XP level 13. HP: 116/116 MP: 12/12
 14295 | Lair:4   | Found a staircase to the Swamp.
 14553 | Lair:4   | Found a hole to the Spider Nest.
 14634 | Lair:4   | Reached skill level 12 in Fighting
 14695 | Lair:4   | Reached ****** piety under Trog
 14708 | Lair:4   | Received a gift from Trog
 15841 | Lair:6   | Entered Level 6 of the Lair of Beasts
 15940 | Lair:6   | Reached skill level 13 in Fighting
 16090 | Lair:6   | Reached XP level 14. HP: 126/129 MP: 13/13
 16217 | Lair:6   | Identified the +4 broad axe of Embarrassment {vamp, rN+}
 16348 | Lair:6   | Found a staircase to the Slime Pits.
 16538 | Lair:6   | Found the +13 scythe of Curses {drain, Drain}
 16702 | Lair:6   | Reached skill level 14 in Fighting
 17033 | D:13     | Received a gift from Trog
 17073 | D:13     | Reached skill level 5 in Dodging
 17483 | D:13     | Identified the +9 rapier of Responsibility {vorpal, rN++
                  | Stlth+}
 17965 | D:14     | Reached skill level 5 in Armour
 17977 | D:14     | Reached skill level 15 in Fighting
 18020 | D:14     | Found a gate to the Vaults.
 18078 | D:14     | Found the +8 lance "Wyrmbane" {slay drac, rPois rF+ rC+
                  | AC+3}
 18234 | D:14     | Found a portal to a secret trove of treasure.
 18266 | D:14     | Noticed Nessos
 18282 | D:14     | Killed Nessos
 18822 | Orc:1    | Entered Level 1 of the Orcish Mines
 18822 | Orc:1    | Noticed Snorg
 18833 | Orc:1    | Killed Snorg
 18834 | Orc:1    | Reached XP level 15. HP: 127/141 MP: 14/14
 18885 | Orc:1    | Received a gift from Trog
 18946 | Orc:1    | Noticed Fannar
 18955 | Orc:1    | Killed Fannar
 19001 | Orc:1    | Noticed Erolcha
 19009 | Orc:1    | Killed Erolcha
 19011 | Orc:1    | Noticed Gastronok
 19028 | Orc:1    | Killed Gastronok
 19542 | Orc:2    | Entered Level 2 of the Orcish Mines
 19587 | Orc:2    | Received a gift from Trog
 19766 | Orc:2    | Reached skill level 16 in Fighting
 19782 | Orc:2    | Found Appogaro's Magic Scroll Shoppe.
 19811 | Orc:2    | Bought a scroll of identify for 30 gold pieces
 19811 | Orc:2    | Bought a scroll of fear for 52 gold pieces
 19811 | Orc:2    | Bought a scroll of fear for 52 gold pieces
 19951 | Orc:2    | Found a staircase to the Elven Halls.
 19995 | Orc:2    | Noticed an orc warlord
 20007 | Orc:2    | Found Udimud Daste's Antique Armour Shoppe.
 20013 | Orc:2    | Killed an orc warlord
 20020 | Orc:2    | Received a gift from Trog
 20079 | Orc:2    | Found Plog's Antique Weapon Emporium.
 20118 | Orc:2    | Bought a runed plate armour for 754 gold pieces
 20588 | Orc:2    | Found Qimoiwn's Antique Weapon Shoppe.
 21007 | D:12     | Bought a scroll of fear for 49 gold pieces
 21158 | D:14     | You paid a toll of 5 scrolls of fear to enter a treasure
                  | trove
 21159 | Trove    | Entered a treasure trove
 21178 | Trove    | Identified the +1 crystal plate armour "Tichyoth" {Slay+5}
 21180 | Trove    | Identified the +2 robe "Saipsod" {rC++ Archmagi}
 21211 | Trove    | Identified the amulet "Enkou" {rPois Regen+ Dex+8}
 21481 | Swamp:1  | Entered Level 1 of the Swamp
 21798 | Swamp:1  | Received a gift from Trog
 21951 | Swamp:1  | Reached skill level 10 in Armour
 21951 | Swamp:1  | Reached XP level 16. HP: 154/154 MP: 15/15
 22144 | Swamp:2  | Reached skill level 17 in Fighting
 22688 | Swamp:3  | Found a hide-covered altar of Uskayaw.
 23097 | Swamp:3  | Identified a scroll of acquirement
 23143 | Swamp:3  | Acquired a +2 pair of gloves of strength
 23208 | Swamp:4  | Entered Level 4 of the Swamp
 23212 | Swamp:4  | Reached XP level 17. HP: 163/163 MP: 16/16
 23235 | Swamp:4  | Received a gift from Trog
 23279 | Swamp:4  | Reached skill level 18 in Fighting
 23550 | Swamp:4  | Got a decaying rune of Zot
 23655 | Swamp:4  | Reached skill level 10 in Dodging
 23747 | Swamp:4  | Noticed Donald
 23757 | Swamp:4  | Killed Donald
 24151 | Spider:1 | Entered Level 1 of the Spider Nest
 24186 | Spider:1 | Received a gift from Trog
 24637 | Spider:1 | Reached skill level 19 in Fighting
 24644 | Spider:1 | Noticed Josephine
 24648 | Spider:1 | Killed Josephine
 25394 | Spider:2 | Received a gift from Trog
 26107 | Spider:3 | Noticed Nikola
 26125 | Spider:3 | Killed Nikola
 26302 | Spider:3 | Reached XP level 18. HP: 178/178 MP: 17/17
 26410 | Spider:3 | Reached skill level 20 in Fighting
 26680 | Spider:3 | Identified the +1 robe of Duty {+Blink rC+++ rN+}
 27038 | Spider:4 | Entered Level 4 of the Spider Nest
 27073 | Spider:4 | Received a gift from Trog
 27470 | Spider:4 | Received a gift from Trog
 27577 | Spider:4 | Reached skill level 21 in Fighting
 28186 | Spider:4 | Got a gossamer rune of Zot
 28825 | D:15     | Entered Level 15 of the Dungeon
 28876 | D:15     | Received a gift from Trog
 28976 | D:15     | Identified the +2 helmet "Vebo" {rN++ Dex+4}
 29173 | D:15     | Reached XP level 19. HP: 191/191 MP: 18/18
 29361 | D:15     | Found a staircase to the Depths.
 29630 | Vaults:1 | Entered Level 1 of the Vaults
 29638 | Vaults:1 | Reached skill level 1 in Evocations
 29706 | Vaults:1 | Reached skill level 22 in Fighting
 30035 | Vaults:1 | Received a gift from Trog
 30053 | Vaults:1 | Reached skill level 15 in Armour
 31071 | Vaults:2 | Noticed Asterion
 31078 | Vaults:2 | Killed Asterion
 31241 | Vaults:2 | Noticed Boris
 31241 | Vaults:2 | Noticed Sojobo
 31261 | Vaults:2 | Killed Boris
 31270 | Vaults:2 | Killed Sojobo
 31271 | Vaults:2 | Reached skill level 23 in Fighting
 31395 | Vaults:2 | Received a gift from Trog
 31545 | Vaults:2 | Reached XP level 20. HP: 203/203 MP: 19/19
 32322 | Vaults:3 | Noticed Aizul
 32334 | Vaults:3 | Killed Aizul
 32338 | Vaults:3 | Received a gift from Trog
 32671 | Vaults:3 | Found Pix Car's Magic Scroll Boutique.
 32681 | Vaults:3 | Bought a scroll of blinking for 150 gold pieces
 32681 | Vaults:3 | Bought a scroll of holy word for 150 gold pieces
 32788 | Vaults:3 | Noticed Margery
 32800 | Vaults:3 | Killed Margery
 33087 | Vaults:3 | Found Qaif's Jewellery Shoppe.
 33128 | Vaults:3 | Found Siduu's Distillery.
 33170 | Vaults:3 | Bought a potion of curing for 57 gold pieces
 33170 | Vaults:3 | Bought a potion of curing for 57 gold pieces
 33170 | Vaults:3 | Bought a potion of curing for 57 gold pieces
 33170 | Vaults:3 | Bought 2 potions of lignification for 114 gold pieces
 33170 | Vaults:3 | Bought a potion of curing for 57 gold pieces
 33170 | Vaults:3 | Bought a potion of mutation for 152 gold pieces
 33170 | Vaults:3 | Bought a potion of mutation for 152 gold pieces
 33170 | Vaults:3 | Bought a potion of cancellation for 152 gold pieces
 33195 | Vaults:3 | Identified the +3 arbalest "Naduafru" {freeze, Int+3}
 33254 | Vaults:3 | Found Zouturin's Antique Weapon Shoppe.
 33440 | Vaults:3 | Found a staircase to the Crypt.
 33507 | Vaults:4 | Noticed Boris
 33524 | Vaults:4 | Killed Boris
 33525 | Vaults:4 | Reached skill level 24 in Fighting
 33612 | Vaults:4 | Reached skill level 15 in Dodging
 33895 | Vaults:4 | Noticed Jory
 33902 | Vaults:4 | Killed Jory
 34358 | Vaults:4 | Reached XP level 21. HP: 215/215 MP: 20/20
 34446 | Vaults:4 | Found a runed translucent gate.
 34448 | Vaults:4 | Found a runed translucent gate.
 34448 | Vaults:4 | Noticed Adoajy's ghost (adept DsWr)
 34477 | Vaults:4 | Found Otwimurgho's Antique Weapon Shop.
 34502 | Vaults:4 | Found a runed translucent gate.
 34503 | Vaults:4 | Noticed an ancient lich
 34637 | Vaults:4 | Received a gift from Trog
 34641 | Vaults:4 | Killed an ancient lich
 34645 | Vaults:4 | Killed Adoajy's ghost
 34718 | Vaults:5 | Entered Level 5 of the Vaults
 34728 | Vaults:5 | Reached skill level 25 in Fighting
 35182 | Vaults:5 | Noticed an ancient lich
 35186 | Vaults:5 | Received a gift from Trog
 35222 | Vaults:5 | Noticed a golden dragon
 35237 | Vaults:5 | HP: 8/220 [frost giant/bolt of cold (31)]
 35237 | Vaults:5 | HP: 1/220 [vault warden (7)]
 35237 | Vaults:5 | Slain by a vault warden

Illustrated notes

Levels and vault maps discovered:
D:1:      tarquinn_simple_flora_water_d, layout_basic,
          shapermc_ecumenical_altar_notcrosses, st_stairs_12,
          minmay_misc_feat_rows, chequers_serial_rivers_room_b,
          minmay_stone_trees_small, palyth_stone_intersect
D:2:      layout_rooms, basic_altar
D:3:      minmay_skewed_foursquare, layout_basic,
          mainiacjoe_overflow_concentric_impassable, jmf_multi_god_temple,
          uniq_sigmund
D:4:      layout_basic, nicolae_uskayaw_murder_on_the_dancefloor,
          gup_sewer_entry_glass, uniq_ijyb
D:5:      layout_basic, mainiacjoe_overflow_surrounded_room, chequers_garden,
          uniq_crazy_yiuf_cottage
D:6:      layout_loops_cross, mainiacjoe_overflow_big_doors,
          kennysheep_cross_bottleneck, st_stairs_8, uniq_duvessa,
          uniq_blork_the_orc, uniq_grinder
D:7:      layout_cave_pods, minmay_temple_entry_ruins
D:8:      layout_basic, nicolae_dithmenos_shadow_blocks,
          mainiacjoe_overflow_cross_hatched, serial_shops, nicolae_square_shop,
          shop, shop, shop, nicolae_stop_n_shop_2, st_stairs_9
D:9:      layout_cave_pools, gammafunk_temple_overflow_elements,
          zombieorc1_lemuel
D:10:     layout_gridville, minmay_misc_feat_diagonals
D:11:     layout_grid_maze, lair_entry_dummy, kennysheep_slug_shrine
D:12:     layout_stronghold, gauntlet_entry_generic, serial_shops,
          kennysheep_mini, brannock_xom_greatest_gift
D:13:     layout_basic, kennysheep_generic_room_6
D:14:     layout_rooms, ximxim_vaults_locker_room, roderic_three_in_a_row,
          nicolae_trove_entry_crossroad, uniq_nessos
D:15:     hangedman_depths_entry_try_elsewhere_first, layout_loops_cross,
          serial_bayou_ford_a
Lair:1:   layout_gridlike, serial_bayou_pond_e, grunt_forest_small_clearings,
          beast_lair_carwin_6, infiniplex_staircase_pool_2
Lair:2:   layout_long_grid, nicolae_quartered_pool_little, kennysheep_rathole
Lair:3:   layout_gridlike
Lair:4:   layout_cave_pods, minmay_swamp_entry_reptiles,
          nicolae_spider_entry_orb_guardian, st_stairs_12, beast_lair_carwin_1
Lair:5:   layout_loops_ring, st_stairs_7
Lair:6:   grunt_lair_end_beastmaster, layout_loops_ring, slime_dummy,
          grunt_megastairs_3, lemuel_fruit_fields, infiniplex_staircase_pool
Swamp:1:  layout_basic_swamp, evilmike_swamp_ruin_rubble_2
Swamp:2:  layout_basic_swamp, serial_swamp_ruin, evilmike_swamp_ruin_house_2,
          evilmike_swamp_ruin_wall
Swamp:3:  layout_falls_marsh, lemuel_altar_in_water, swamp_pool5
Swamp:4:  swamp, layout_basic_swamp, uniq_donald
Spider:1: layout_chambers, guppyfry_hornet_nest,
          hangedman_spider_tarantella_strand, uniq_josephine
Spider:2: layout_spider_delve, spiders_nest_hornet_nest
Spider:3: nicolae_spider_hilbert_zone_3 [nicolae_spider_hilbert_4_sides_2_open,
          nicolae_spider_hilbert_3_sides_1_open,
          nicolae_spider_hilbert_3_sides_1_open,
          nicolae_spider_hilbert_3_sides_1_open,
          nicolae_spider_hilbert_3_sides_1_open,
          nicolae_spider_hilbert_4_sides_1_open,
          nicolae_spider_hilbert_4_sides_1_open,
          nicolae_spider_hilbert_4_sides_1_open,
          nicolae_spider_hilbert_4_sides_1_open,
          nicolae_spider_hilbert_4_sides_1_open,
          nicolae_spider_hilbert_4_sides_1_open,
          nicolae_spider_hilbert_4_sides_1_open,
          nicolae_spider_hilbert_4_sides_1_open,
          nicolae_spider_hilbert_3_sides_1_open,
          nicolae_spider_hilbert_3_sides_1_open,
          nicolae_spider_hilbert_3_sides_1_open,
          nicolae_spider_hilbert_3_sides_1_open], uniq_nikola
Spider:4: floodkiller_spider_rune_tomb
Orc:1:    layout_diamond_mine, nicolae_orc_tapped_out, uniq_fannar,
          uniq_erolcha, uniq_gastronok, uniq_snorg
Orc:2:    grunt_orc_community_town_hall, layout_caves,
          grunt_orc_community_big_house_1, grunt_orc_community_big_house_2,
          grunt_orc_community_house_1, grunt_orc_community_house_1,
          grunt_orc_community_house_2, grunt_orc_community_house_3,
          grunt_orc_community_house_3, mines_bat_river
Vaults:1: nicolae_vaults_theta, hangedman_vaults_nodes, v_misc_24,
          hangedman_vaults_capsules, v_misc_30, v_alt_pattern_2,
          ontoclasm_vaults_tryst, nicolae_vaults_asterisk,
          ontoclasm_vaults_shuriken, vaults_dpeg_diagonal,
          layout_vaults_omnicross
Vaults:2: vaults_dpeg_ring, v_misc_12, v_pattern_5,
          vaults_room_grunt_arrival_ludios, hangedman_vaults_nails,
          vaults_mumra_lcd, hangedman_vaults_nails, hangedman_vaults_restitches,
          ontoclasm_vaults_hangar, nicolae_vaults_little_ls, vaults_room_grid,
          vaults_mumra_chevron_long, nicolae_vaults_little_squares_3, v_misc_23,
          nicolae_vaults_theta, vaults_dpeg_encased_lava, layout_vaults_omnibox,
          uniq_asterion, uniq_boris, uniq_sojobo
Vaults:3: dpeg_vaults_monster_box, nicolae_vaults_diagonal_hallway_8, v_misc_26,
          minmay_crypt_entry_simple_round, hangedman_vaults_corner_blocks,
          nicolae_vaults_yaktaur_gun_rack, ontoclasm_vaults_decontamination,
          layout_vaults_omnigrid, serial_shops, nicolae_shop_behind_doors, shop,
          shop, shop, uniq_margery, uniq_aizul
Vaults:4: gammafunk_vaults_ghost_split, grunt_vaults_diagonal,
          vaults_room_mumra_shop_pool, nicolae_vaults_shelves_hall,
          hangedman_vaults_cutoff, hangedman_vaults_stitches, v_misc_19,
          v_misc_8, nicolae_vaults_know_your_exits, v_misc_22,
          layout_vaults_ring, uniq_jory
Vaults:5: uniq_xtahua

Skill      XL: |  1  2  3  4  5  6  7  8  9 10 11 12 13 14 15 16 17 18 19 20 21 |
---------------+----------------------------------------------------------------+-----
Axes           | 4 5 7 8 10 12 14 15 17 20 22 | 22.6
Dodging        | 3 4 6 8 9 11 12 14 15 16 | 16.4
Shields        | 1 4 6 7 8 |  8.4
Fighting       | 5 8 10 11 13 15 16 17 19 21 23 24 25 | 25.8
Polearms       | 3 4 |  4.7
Armour         | 5 10 11 13 14 15 17 18 | 18.2
Evocations     | 4 |  4.0

Action                   |  1- 3 |  4- 6 |  7- 9 | 10-12 | 13-15 | 16-18 | 19-21 || total
-------------------------+-------+-------+-------+-------+-------+-------+-------++-------
Melee: Hand axe          |    83 |   103 |   182 |       |       |       |       ||   368
       Headbutt          |    14 |    10 |    44 |    88 |   165 |   242 |   219 ||   782
       War axe           |       |       |    46 |   138 |       |       |       ||   184
       Demon trident     |       |       |       |    55 |       |       |       ||    55
       Executioner's axe |       |       |       |   195 |   572 |   833 |   601 ||  2201
       Lance             |       |       |       |       |    67 |       |    20 ||    87
Invok: Berserk           |     1 |     4 |     9 |    12 |     9 |     6 |     8 ||    49
       Brothers in Arms  |       |       |       |       |       |     2 |     1 ||     3
       Trog's Hand       |       |       |       |       |       |       |     2 ||     2
Evoke: Wand              |       |       |       |       |       |     1 |       ||     1
  Use: Scroll            |       |    12 |     5 |     8 |    13 |     4 |     5 ||    47
       Potion            |       |       |       |       |     1 |     5 |       ||     6
 Stab: Petrified         |       |       |       |       |     9 |       |       ||     9
       Confused          |       |       |       |       |       |     1 |       ||     1
Armor: Animal skin       |     8 |       |       |       |       |       |       ||     8
       Ring mail         |    27 |    37 |    37 |       |       |       |       ||   101
       Chain mail        |       |       |    53 |   226 |   188 |       |       ||   467
       Crystal plate arm |       |       |       |       |    33 |   646 |   415 ||  1094
       Plate armour      |       |       |       |       |    16 |       |       ||    16
Dodge: Dodged            |    58 |    42 |    82 |   123 |   183 |   470 |   331 ||  1289
Block: Buckler           |       |     6 |    28 |    42 |       |       |       ||    76
       Kite shield       |       |       |       |       |    26 |       |       ||    26
